 Dungeon Crawl Stone Soup version 0.29.0-7-g18a832c13a (webtiles) character file.

Game seed: 8556906366334086110

66 Anamonty the Grave Robber (level 3, -1/26 HPs)
             Began as a Demonspawn Necromancer on Aug 31, 2022.
             Slain by a gnoll
             ... wielding a +0 flail
              (11 damage)
             ... on level 3 of the Dungeon.
             The game lasted 00:03:38 (2209 turns).

Anamonty the Grave Robber (Demonspawn Necromancer)  Turns: 2209, Time: 00:03:39

Health: -1/26      AC:  2    Str:  8    XL:     3   Next: 96%
Magic:  5/6        EV: 16    Int: 18    God:
Gold:   117        SH:  0    Dex: 13    Spells: 3/7 levels left

rFire   . . .      SeeInvis .   i - +0 club
rCold   . . .      Faith    .   (no shield)
rNeg    . . .      Spirit   .   a - +0 robe
rPois   .          Reflect  .   (no helmet)
rElec   .          Harm     .   (no cloak)
rCorr   .          Rampage  .   (no gloves)
Will    .....                   (no boots)
Stlth   ++........              (no amulet)
HPRegen 0.08/turn               f - +4 ring of evasion
MPRegen 0.20/turn               (no ring)

@: no status effects
A: magic regeneration
a: no special abilities


You were on level 3 of the Dungeon.
You visited 1 branch of the dungeon, and saw 3 of its levels.

You collected 117 gold pieces.

Inventory:

Hand Weapons
 i - a +0 club (weapon)
Armour
 a - a +0 robe (worn)
Jewellery
 f - a +4 ring of evasion (left hand)
Scrolls
 d - a scroll of enchant weapon
 e - a scroll of silence {unknown}
 g - a scroll of teleportation {unknown}
 k - a scroll of amnesia {unknown}
 l - a scroll of enchant armour {unknown}
Potions
 b - a potion of magic
 c - a potion of might {unknown}
 h - 2 potions of mutation


   Skills:
 + Level 1.3 Fighting
 + Level 2.3 Dodging
 - Level 1.7 Stealth
 + Level 2.5 Spellcasting
 * Level 5.1 Necromancy


You had 3 spell levels left.
You knew the following spells:

 Your Spells              Type           Power      Damage    Failure   Level
a - Necrotise             Necr           80%        1d8       1%          1
b - Vampiric Draining     Necr           20%        2d7       6%          3

Your spell library contained the following spells:

 Spells                   Type           Power      Damage    Failure   Level
 Apportation              Tloc           4%         N/A       17%         1
 Animate Dead             Necr           20%        N/A       21%         4
 Agony                    Necr           20%        N/A       50%         5
 Alistair's Intoxication  Tmut/Pois      1%         N/A       99%         5


Dungeon Overview and Level Annotations

Branches:
Dungeon (3/15)

Altars:


Innate Abilities, Weirdness & Mutations

You regenerate magic rapidly.


Message History

The gnoll writhes in agony!
You kill the gnoll!
The dead are walking!
Your magical contamination has completely faded away.
Your gnoll skeleton hits the gnoll but does no damage.
The gnoll hits your gnoll skeleton with a +0 spear!
Your gnoll skeleton is destroyed!
The gnoll shouts!
A gnoll comes into view. It is wielding a +0 flail.
You hit the gnoll.
The gnoll is lightly wounded.
The gnoll misses you.
You hit the gnoll.
The gnoll is moderately wounded.
The gnoll barely misses you. The gnoll barely misses you.
The gnoll attacks as you move away! The gnoll completely misses you.
The gnoll attacks as you move away! The gnoll closely misses you.
The gnoll attacks as you move away! The gnoll barely misses you.
You see here a +0 dagger.
The gnoll attacks as you move away! The gnoll hits you with a +0 flail.
The gnoll attacks as you move away! The gnoll hits you with a +0 flail.
The gnoll attacks as you move away! The gnoll hits you with a +0 flail!
* * * LOW HITPOINT WARNING * * *
The gnoll attacks as you move away! The gnoll barely misses you.
The shadow imp shouts!
Casting: Necrotise (safe; 1% risk of failure)
Confirm with . or Enter, or press ? or * to list all spells.
Aiming: Necrotise (safe; 1% risk of failure)
Press: ? - help, Shift-Dir - straight line, f - gnoll
Aim: a gnoll, wielding a +0 flail (moderately wounded, chance to affect: 84%)
The gnoll writhes in agony.
The shadow imp sputters.
The gnoll hits you with a +0 flail.
* * * LOW HITPOINT WARNING * * *
The shadow imp lashes its tail.
Okay, then.
Okay, then.
You feel better. The gnoll hits you with a +0 flail!
You die...

#####...####.........#
######..# ##.......##
#.......# ##.....##
#.#####.# ##>..## #.#
#.# ##+## #.#####.#
#.# #.##....# #.#
#.##.##5########.##
#.......g@...##...##
####.##g####.#.....#
#.##.####.##...######
#.##.......).........
#.....###.###.#######
. ####.####.# #.# .g
#...)..# #.# ..g
##.##### #.# .... #)##
#.#


You could see 2 gnolls and a shadow imp.

Vanquished Creatures
  2 gnolls (D:3)
  A worm (D:3)
  2 dart slugs
  2 ball pythons
  2 bats (D:2)
  3 endoplasms
  2 giant cockroaches (D:1)
  4 goblins
  4 hobgoblins
  3 kobolds
  3 quokkas
  5 frilled lizards
  2 rats (D:2)
35 creatures vanquished.

Vanquished Creatures (collateral kills)
  A ball python (D:3)
  An endoplasm (D:2)
2 creatures vanquished.

Grand Total: 37 creatures vanquished

Notes
Turn   | Place    | Note
-------+----------+-------------------------------------------
     0 | D:1      | Anamonty the Demonspawn Necromancer began the quest for the
                  | Orb.
     0 | D:1      | Reached XP level 1. HP: 13/13 MP: 3/3
   597 | D:1      | Gained mutation: You regenerate magic rapidly. [demonic
                  | ancestry]
   597 | D:1      | Reached XP level 2. HP: 20/20 MP: 3/5
   991 | D:2      | Identified the +8 mace "Kooghu Yxzoa" {holy, Str+4}
  1275 | D:2      | Reached skill level 1 in Fighting
  1275 | D:2      | Reached XP level 3. HP: 15/26 MP: 4/6
  1411 | D:2      | Learned a level 3 spell: Vampiric Draining
  1930 | D:3      | Reached skill level 5 in Necromancy
  2058 | D:3      | Found a faded altar of an unknown god.
  2209 | D:3      | Slain by a gnoll

Illustrated notes

Levels and vault maps discovered:
D:1:      reono_arrival_mine, layout_basic, minmay_misc_feat_nine_boxes
D:2:      layout_basic
D:3:      layout_loops_corners, grunt_dithmenos_smoke_and_mirrors,
          elyvilon_altar_5, hellmonk_ecumenical_altar_pennies_from_heaven,
          corner_web_ring, kennysheep_cross_room, uniq_jessica

Skill      XL: |  1  2  3 |
---------------+----------+-----
Dodging        | 2 |  2.3
Fighting       | 1 |  1.3
Necromancy     | 5 |  5.1
Stealth        | |  1.7
Spellcasting   | |  2.5

Action                   || total
-------------------------++-------
Melee: Unarmed           ||     1
       Club              ||    33
 Cast: Necrotise         ||    63
  Use: Scroll            ||     3
       Potion            ||     1
Armor: Robe              ||     6
Dodge: Dodged            ||    47
